 Dungeon Crawl Stone Soup version 0.17-a0-2070-g2a5e0a8 (webtiles) character file.

5884 Ordine the Bludgeoner (level 10, 88/88 HPs)
             Began as a Minotaur Berserker on Oct 13, 2015.
             Was an Elder of Trog.
             Quit the game on level 8 of the Dungeon on Oct 14, 2015.
             The game lasted 00:40:42 (8083 turns).

Ordine the Bludgeoner (Minotaur Berserker)          Turns: 8083, Time: 00:40:42

Health: 88/88      AC: 15    Str: 22    XL:     10   Next: 52%
Magic:  10/10      EV:  7    Int:  4    God:    Trog [****..]
Gold:   480        SH:  0    Dex: 13    Spells: 0 memorised, 9 levels left

rFire  . . .     SeeInvis .     a - +1 mace
rCold  . . .     Clarity  .     w - +0 plate armour
rNeg   + . .     SustAt   .     (no shield)
rPois  .         Gourm    .     (helmet restricted)
rElec  .         Spirit   .     f - +1 cloak
rCorr  .         Warding  .     (no gloves)
rMut   .         Stasis   .     l - +1 pair of boots
MR     .....                    (no amulet)
Stlth  ..........               (no ring)
                                u - ring of positive energy

@: not resistant to hostile enchantments, extremely unstealthy
A: retaliatory headbutt, horns 2, high mp 1, mutation resistance 1, MP-powered
wands
a: Burn Spellbooks, Berserk, Trog's Hand, Brothers in Arms, Renounce Religion


You were on level 8 of the Dungeon.
You worshipped Trog.
Trog was greatly pleased with you.
You were not hungry.

You visited 2 branches of the dungeon, and saw 9 of its levels.

You collected 480 gold pieces.

Inventory:

Hand Weapons
 a - a +1 mace (weapon)
 b - the +10 long sword "Jeckit" {flame, Str+5}
   (You found it on level 6 of the Dungeon)

   It has been specially enchanted to burn those struck by it, causing extra
   injury to most foes and up to half again as much damage against particularly
   susceptible opponents.
   Big, fiery blades are also staple armaments of hydra-hunters.
   It affects your strength (+5).
 o - the +2 hand crossbow "Zoxkif" {velocity, SInv}
   (You found it on level 7 of the Dungeon)

   Any bolt fired from it inflicts extra damage.
   It lets you see invisible.
Armour
 f - a +1 cloak (worn)
 l - a +1 pair of boots (worn)
 w - a +0 plate armour (worn)
Jewellery
 i - an uncursed ring of teleportation
 u - a ring of positive energy (left hand)
Wands
 q - a wand of paralysis (7)
 v - a wand of cold (13)
Scrolls
 e - 4 scrolls of remove curse
 g - 2 scrolls of fear
 j - 2 scrolls of teleportation
Potions
 k - 2 potions of might
 m - 4 potions of curing
 n - 3 potions of haste
 p - a potion of cancellation
 r - a potion of flight
Comestibles
 c - 3 bread rations
 d - 3 meat rations
 h - 2 slices of pizza
 s - 21 chunks of flesh
 t - 2 beef jerkies


   Skills:
 + Level 7.9 Fighting
 + Level 16.7 Maces & Flails
 - Level 2.4 Armour
 - Level 2.1 Dodging


You had 9 spell levels left.
You didn't know any spells.

Dungeon Overview and Level Annotations

Branches:
Dungeon (8/15)             Temple (1/1) D:7
   Lair: D:8-11

Altars:
Ashenzari
Cheibriados
Dithmenos
Elyvilon
Fedhas
Gozag
Kikubaaqudgha
Makhleb
Nemelex Xobeh
Okawaru
Qazlal
Ru
Sif Muna
Trog
Vehumet
Xom
Yredelemnul
Zin
The Shining One

Shops:
D:6 :


Innate Abilities, Weirdness & Mutations

You reflexively headbutt those who attack you in melee.
You have a pair of horns on your head.
You have an increased reservoir of magic (+10% MP).
You are somewhat resistant to further mutation.
You expend magic power (3 MP) to strengthen your wands.


Message History

You kill the worker ant!
Trog accepts your kill. The orc hits you but does no damage.
There is a stone staircase leading down here.
You see here a worker ant corpse.
Your plate armour prevents you from hitting the orc.
The orc hits you but does no damage.
You thump the orc!
You kill the orc!
Trog accepts your kill.
No target in view!
No target in view!
No target in view!
No target in view!
Things that are here:
a trident; a ring mail
t - 2 beef jerkies (gained 1) Some of the chunks of flesh in your inventory have rotted away.
Done exploring.
Are you sure you want to abandon this character and quit the game? (Confirm with "yes".)

....# #...).#...........#
#.#.#.#
....###..)#.#...###.....#
#.#...#
.......###.....####.....#
#...).. ...#.###
#.....<.######## ####.##
...##.# #...###.# #####
#.# <..#.## ##### #.#
#...######.# ()..##
#.####.#......#.#
....#####
#.##...#...##.#.#
.[......#
#@##.#####.##.#.#
....###.#####
#......#........#
............#
######.#.####.###
#.#####.#.#.# #...####.#
#.# #.#.#.## ##..)>...#
#.#####.#....# #########
^.(..##.###..#
####.##......#
#.......####.#


There were no monsters in sight!

Vanquished Creatures
  Erica (D:8)
  An oklob plant (D:6)
  Maurice (D:8)
  Grinder (D:5)
  A two-headed ogre (D:8)
  Sigmund (D:2)
  A deep elf mage (D:8)
  Duvessa (D:5)
  3 orc warriors
  4 sky beasts
  A black bear (D:5)
  A phantom (D:4)
  4 ogres
  4 centaurs
  Blork the orc (D:5)
  6 giant frogs
  Dowan (D:5)
  A scorpion (D:8)
  6 killer bees (D:6)
  2 vampire bats (D:7)
  2 giant frog zombies (D:5)
  A crimson imp (D:5)
  A jelly (D:6)
  14 orc priests
  4 hounds
  A gnoll shaman (D:8)
  A centaur skeleton (D:7)
  2 iguanas
  2 worker ants
  5 orc wizards
  A hound skeleton (D:4)
  13 gnolls
  10 adders
  An ooze (D:3)
  2 adder zombies
  3 worms
  4 giant geckos
  27 orcs
  5 bats
  4 bat skeletons (D:7)
  3 bat zombies (D:7)
  5 giant cockroaches
  7 goblins
  4 hobgoblins
  4 quokkas
  2 ball pythons
  A giant gecko skeleton (D:8)
  10 giant newts
  2 jackal skeletons
  7 kobolds
  A quokka skeleton (D:4)
  9 rats
200 creatures vanquished.

Notes
Turn   | Place    | Note
--------------------------------------------------------------
     0 | D:1      | Ordine the Minotaur Berserker began the quest for the Orb.
     0 | D:1      | Reached XP level 1. HP: 19/19 MP: 0/0
     6 | D:1      | Noticed a wolf
     6 | D:1      | Noticed a worker ant
     6 | D:1      | Noticed a lindwurm
     7 | D:1      | Noticed a polar bear
     7 | D:1      | Noticed a black mamba
   148 | D:1      | Reached skill level 4 in Maces & Flails
   384 | D:1      | Reached XP level 2. HP: 23/26 MP: 1/1
   856 | D:2      | Noticed Sigmund
   866 | D:2      | Killed Sigmund
   866 | D:2      | Reached skill level 7 in Maces & Flails
   866 | D:2      | Reached XP level 3. HP: 8/31 MP: 2/2
   866 | D:2      | Reached XP level 4. HP: 10/39 MP: 3/3
   866 | D:2      | Reached XP level 5. HP: 11/45 MP: 4/4
  1168 | D:2      | Found a shadowy altar of Dithmenos.
  1172 | D:2      | Found a blossoming altar of Fedhas.
  1255 | D:2      | Reached ** piety under Trog
  2196 | D:3      | Found a stormy altar of Qazlal.
  2221 | D:3      | Reached skill level 8 in Maces & Flails
  2267 | D:3      | Reached XP level 6. HP: 49/52 MP: 5/5
  2804 | D:4      | Reached *** piety under Trog
  2987 | D:4      | Found a deep blue altar of Sif Muna.
  3062 | D:4      | Reached skill level 9 in Maces & Flails
  3159 | D:4      | Reached XP level 7. HP: 44/58 MP: 6/6
  3376 | D:4      | Reached skill level 10 in Maces & Flails
  3519 | D:5      | Entered Level 5 of the Dungeon
  3549 | D:5      | Noticed Grinder
  3562 | D:5      | Killed Grinder
  3562 | D:5      | Reached skill level 11 in Maces & Flails
  3584 | D:5      | Reached XP level 8. HP: 64/66 MP: 7/7
  3747 | D:5      | Reached skill level 12 in Maces & Flails
  3749 | D:5      | Noticed Blork the orc
  3750 | D:5      | Noticed Dowan
  3754 | D:5      | Noticed Duvessa
  3759 | D:5      | Killed Blork the orc
  3765 | D:5      | Killed Duvessa
  3778 | D:5      | Killed Dowan
  3920 | D:5      | Reached skill level 13 in Maces & Flails
  4253 | D:6      | Reached **** piety under Trog
  4497 | D:6      | Found a shimmering altar of Xom.
  4497 | D:6      | Noticed an oklob plant
  4536 | D:6      | Killed an oklob plant
  4536 | D:6      | Reached skill level 14 in Maces & Flails
  4536 | D:6      | Reached XP level 9. HP: 68/71 MP: 8/8
  4864 | D:6      | Reached skill level 15 in Maces & Flails
  4919 | D:6      | Found an iron altar of Okawaru.
  5140 | D:6      | Found Ryonoly's Book Emporium.
  5626 | D:6      | Got an ichor-stained long sword
  5647 | D:6      | Identified the +10 long sword "Jeckit" {flame, Str+5} (You found it on level 6 of the Dungeon)
  6079 | D:7      | Found a staircase to the Ecumenical Temple.
  6089 | Temple   | Entered the Ecumenical Temple
  6397 | D:7      | Got a scorched hand crossbow
  6398 | D:7      | Identified the cursed +2 hand crossbow "Zoxkif" {velocity, SInv} (You found it on level 7 of the Dungeon)
  6426 | D:7      | Found a basalt altar of Yredelemnul.
  6521 | D:7      | Found an ancient bone altar of Kikubaaqudgha.
  6620 | D:7      | Reached skill level 5 in Fighting
  6625 | D:7      | Gained mutation: You have an increased reservoir of magic (+10% MP). [mutagenic meat]
  6626 | D:7      | Gained mutation: You expend magic power (3 MP) to strengthen your wands. [mutagenic meat]
  6627 | D:7      | Gained mutation: You are somewhat resistant to further mutation. [mutagenic meat]
  7029 | D:8      | Reached XP level 10. HP: 81/81 MP: 10/10
  7036 | D:8      | Reached skill level 16 in Maces & Flails
  7345 | D:8      | Noticed Erica
  7366 | D:8      | Killed Erica
  7520 | D:8      | Noticed Maurice
  7607 | D:8      | Killed Maurice
  8083 | D:8      | Quit the game

Vault maps used:
D:1:      onia_arrival_zoo_common
D:2:      grunt_temple_overflow_open, uniq_sigmund
D:3:      grunt_qazlal_clouds
D:4:      kennysheep_mini, minmay_misc_feat_diagonals, minmay_misc_feat_hallway,
          corexii_item_surrounded_by_moat
D:5:      first_bread, uniq_blork_the_orc, uniq_grinder, uniq_duvessa
D:6:      okawaru_ov_weapons_minmay, serial_shops, nicolae_shop_stone,
          serial_co_window_serial, co_window_paths_a, co_window_corner_a,
          co_window_paths_b, co_window_of_opportunity_a, co_window_corner_a,
          co_window_corner_ca, co_window_broadway_a, co_window_unsneaky_path_d,
          co_window_paths_e, glass_columns_a, glass_columns_a, glass_columns_b,
          glass_columns_c, glass_columns_a, minmay_misc_feat_cross,
          lemuel_oklob_altar
D:7:      yredelemnul_altar_generic, kennysheep_vampire_church,
          minmay_temple_entry_purple_smoke
D:8:      uniq_erica, uniq_maurice
Temple:   oiseaux_autumnal_temple_12

Action                   |  1- 3 |  4- 6 |  7- 9 | 10-12 || total
-------------------------+-------+-------+-------+-------++-------
Melee: Mace              |    40 |   123 |   361 |   149 ||   673
       Long sword        |       |       |     4 |       ||     4
Invok: Berserk           |     1 |     3 |     7 |     1 ||    12
       Trog's Hand       |       |       |     2 |     1 ||     3
Evoke: Wand              |       |       |     1 |       ||     1
  Use: Scroll            |       |     7 |    10 |     4 ||    21
       Potion            |       |     1 |     4 |       ||     5
 Stab: Paralysed         |       |       |    12 |       ||    12
  Eat: Chunk             |       |    11 |    19 |     6 ||    36
       Bread ration      |       |       |     1 |       ||     1
